 Dungeon Crawl Stone Soup version 0.31-a0-66-ge618eeaa78 (webtiles) character file.

Game seed: 5078761732737898025

23225 ytrimaz the Protected (level 12, -1/189 HPs)
             Began as a Troll Berserker on May 22, 2023.
             Was an Elder of Trog.
             Slain by a fire elemental (4 damage)
             ... summoned by a deep elf pyromancer
             ... on level 14 of the Dungeon.
             The game lasted 00:14:03 (9709 turns).

ytrimaz the Protected (Troll Berserker)             Turns: 9709, Time: 00:14:04

Health: -1/189     AC:  9    Str: 29    XL:     12   Next: 70%
Magic:  11/11      EV: 10    Int:  3    God:    Trog [****..]
Gold:   1233       SH:  0    Dex: 12    Spells: 11/11 levels left

rFire   + .          .
                       - Unarmed
rCold   . . .        (no shield)
rNeg    . . .        I - +0 troll leather armour
rPois   +            (helmet restricted)
rElec   .            F - +0 cloak {Will+}
rCorr   .            (gloves unavailable)
SInv    .            (boots unavailable)
Will    ++++.        f - amulet of regeneration Stlth
                     o - ring of Surprise {rF+ Will+ Str-3 Dex+3}
HPRegen 3.91/turn    j - ring of poison resistance
MPRegen 0.12/turn

%: no passive effects
@: berserking, strong-willed, regenerating, very quick
A: large, unfitting armour, claws 3, regeneration 1, shaggy fur 1, tough skin 1
a: Renounce Religion, Berserk, Trog's Hand, Brothers in Arms


You were on level 14 of the Dungeon.
You worshipped Trog.
Trog was greatly pleased with you.
You visited 1 branch of the dungeon, and saw 13 of its levels.
You also visited: Ossuary.

You collected 1233 gold pieces.


Innate Abilities, Weirdness & Mutations

You are too large for most types of armour.
You have claws for hands.
Your natural rate of healing is unusually fast.
You are covered in fur. (AC +1)
You have tough skin. (AC +1)


   Skills:
 - Level 10.1 Fighting
 * Level 12.5 Armour
 - Level 2.4 Dodging
 + Level 11.1 Unarmed Combat


You had 11 spell levels left.
You didn't know any spells.
Your spell library was empty.

Inventory:

Missiles
 J - a throwing net (quivered)
Armour
 a - a +1 animal skin
 e - the +0 robe "Wulesysiunn" {Str+2 Slay+2 SInv}
   (You found it on level 4 of the Dungeon)

   Str:       It affects your strength (+2).
   Slay:      It affects your accuracy & damage with ranged weapons and melee
   (+2).
   SInv:      It lets you see invisible.
 z - the +2 robe "Cuelogokk" {rN+}
   (You found it on level 7 of the Dungeon)

   rN:        It protects you from negative energy.
 F - a +0 cloak of willpower (worn)
   (You took it off Maurice on level 8 of the Dungeon)
 I - a +0 troll leather armour (worn)
   (You found it on level 13 of the Dungeon)
Jewellery
 f - an amulet of regeneration (around neck)
   (You found it on level 3 of the Dungeon)
 j - a ring of poison resistance (right claw)
   (You took it off a goblin on level 2 of the Dungeon)
 k - a ring of protection from fire
   (You found it on level 3 of the Dungeon)
 o - the ring of Surprise (left claw) {rF+ Will+ Str-3 Dex+3}
   (You took it off a hobgoblin on level 5 of the Dungeon)

   [ring of willpower]

   Str:       It affects your strength (-3).
   Dex:       It affects your dexterity (+3).
   rF:        It protects you from fire.
   Will:      It increases your willpower.
 r - a ring of ice
   (You took it off an orc wizard on level 8 of the Dungeon)
 H - an amulet of reflection
   (You found it on level 10 of the Dungeon)
Wands
 w - a wand of quicksilver (10)
   (You found it on level 9 of the Dungeon)
 A - a wand of paralysis (7)
   (You found it on level 7 of the Dungeon)
 B - a wand of digging (5)
   (You found it on level 8 of the Dungeon)
 D - a wand of flame (40)
   (You found it on level 8 of the Dungeon)
Scrolls
 b - 3 scrolls of vulnerability
 g - 2 scrolls of teleportation
 p - a scroll of enchant armour
 s - 4 scrolls of identify
 t - 2 scrolls of fear
 y - a scroll of poison
 E - 3 scrolls of enchant weapon
 G - a scroll of blinking
Potions
 c - 5 potions of haste
 d - a potion of lignification
 h - 8 potions of mutation
 i - 7 potions of enlightenment
 l - 9 potions of curing
 m - 2 potions of resistance
 n - 3 potions of heal wounds
 q - a potion of magic
 u - a potion of berserk rage
 v - 2 potions of attraction
 x - 5 potions of might
 C - 2 potions of degeneration

Dungeon Overview and Level Annotations

Branches:
Dungeon (14/15) Zot: 25771  Temple (0/1) D:6            Lair (0/5) D:8
    Orc (0/2) D:10         Vaults (0/5) D:14        Ossuary (visited)

Altars:
Nemelex Xobeh
Okawaru
Qazlal
Zin
The Shining One

Shops:
D:10 (   D:13 *   D:14 (

Annotations:
D:3 3 runed translucent doors, OstrichLN's ghost, amateur MiFi
D:7 1 runed translucent door, Crazy Yiuf
D:14 Agnes

..#.....#..#.....#.........
#.....#..#.....###..#....
#.....#..#.....# #####...
#.....'..#.....# #....
#....†'..#.)(..### #....
#######..#''####.####....
.........○e.......#<..#..
........Eup..............
#######.@#'○####..#.###..
+(i#u...E#..### ##.
+..#.....##..# ##.
#..#..e..###.####..
#..#...p.# #.#.#...
#..#....∩# #.......
#..####### #....... ....
#........ ...........


You could see an ironbound preserver, Agnes, a purple ugly thing (sheltered), a
deep elf pyromancer (sheltered), a fire elemental (summoned, sheltered) and a +2
spectral lajatang (sheltered).


Message History

😕 HP[+5]
You regained 5 hp, and now have 104/126 hp.
Unknown command.
The jumping spider leaps!
The jumping spider pounces on you but does no damage.
The jumping spider bites you. 😕 HP[+5]
You regained 5 hp, and now have 109/126 hp.
The jumping spider barely misses you.
The jumping spider bites you but does no damage.
The jumping spider closely misses you.
The jumping spider bites you but does no damage.
There is a large open door, spattered with blood here. 😕 HP[+5]
You regained 5 hp, and now have 114/126 hp.
You claw the jumping spider! Your claw misses the jumping spider.
You feel yourself speed up. The jumping spider pounces on you!
The jumping spider closely misses you. 😕 HP[-3]
You take 3 damage, and now have 111/126 hp.
You mangle the jumping spider!!
You kill the jumping spider!
Trog accepts your kill. 😕 HP[+3]
You regained 3 hp, and now have 114/126 hp.
You see here a shapeshifter corpse. 😕 HP[+4]
You regained 4 hp, and now have 118/126 hp.
You now have 1233 gold pieces (gained 14).
You see here a shapeshifter corpse.
You feel the effects of Trog's Hand fading.
There is a large open door, spattered with blood here.
You recover from your berserk rage.
As you open the large door, it creaks loudly!
A purple ugly thing, a deep elf pyromancer and an ironbound preserver come into view.
The purple ugly thing gurgles horribly!
The ironbound preserver shouts!
You hear a shout!
The deep elf pyromancer mumbles some strange words.
Found a gate to the Vaults. 😎 HP[+8]
Your hp is fully restored (126).
There are monsters nearby!
There are monsters nearby!
There are monsters nearby!
Unknown command.
Your skin stops crawling.
You feel less strong-willed.
Agnes the Wanderer comes into view.
She is wielding a +2 spectral lajatang.
Your skin crawls.
You feel strong-willed.
Unknown command.
You scratch the purple ugly thing but do no damage.
The purple ugly thing tail-slaps you but does no damage.
You closely miss the purple ugly thing.
The purple ugly thing tail-slaps you! 😕 HP[-11]
You take 11 damage, and now have 115/126 hp.
Unknown command.
You barely miss the purple ugly thing.
Agnes bows. 😕 HP[+3]
You regained 3 hp, and now have 118/126 hp.
A red film seems to cover your vision as you go berserk!
You feel yourself moving faster!
You feel mighty!
Agnes hits you with a +2 spectral lajatang!!
The +2 spectral lajatang hits you!
The purple ugly thing closely misses you.
Agnes hits you with a +2 spectral lajatang!!
The +2 spectral lajatang hits you! The fire elemental closely misses you.
A +2 spectral lajatang comes into view. 😮 HP[-20]
You now have 189 max hp (+63).
Unknown command.
You mangle Agnes!!
The purple ugly thing closely misses you.
Agnes barely misses you. The +2 spectral lajatang hits you!!
* * * LOW HITPOINT WARNING * * *
😨 HP[-18]
You take 18 damage, and now have 80/189 hp.
You closely miss Agnes.
The fire elemental closely misses you. 😨 HP[+1]
You mangle Agnes!!
Agnes hits you with a +2 spectral lajatang!!
* * * LOW HITPOINT WARNING * * *
The +2 spectral lajatang hits you!!
* * * LOW HITPOINT WARNING * * *
The purple ugly thing tail-slaps you.
* * * LOW HITPOINT WARNING * * *
The ironbound preserver is engulfed in blazing flames.
The ironbound preserver casts a spell.
The ironbound preserver begins to accept its allies' injuries. 😱 HP[-47]
You take 47 damage, and now have 34/189 hp.
MASSIVE DAMAGE!! (PAUSE)
You completely miss Agnes.
The +2 spectral lajatang barely misses you.
Agnes hits you with a +2 spectral lajatang!!
* * * LOW HITPOINT WARNING * * *
The +2 spectral lajatang hits you!
* * * LOW HITPOINT WARNING * * *
The fire elemental hits you. The fire elemental burns you! You resist.
You die...

Skill      XL: |  1  2  3  4  5  6  7  8  9 10 11 12 |
---------------+-------------------------------------+-----
Armour         | 1 2 3 4 6 7 9 11 12 | 12.5
Fighting       | 3 4 5 6 8 9 10 | 10.1
Unarmed Combat | 4 5 6 7 8 9 11 | 11.1
Dodging        | |  2.4

Action                     |  1- 3 |  4- 6 |  7- 9 | 10-12 || total
---------------------------+-------+-------+-------+-------++-------
  Melee: Unarmed           |    97 |   222 |   297 |   439 ||  1055
         Punch             |     1 |     6 |    11 |    29 ||    47
 Invoke: Berserk           |     1 |       |       |     4 ||     5
         Trog's Hand       |       |     1 |     4 |     8 ||    13
         Brothers in Arms  |       |       |       |     4 ||     4
    Use: Scroll            |       |    17 |     3 |     5 ||    25
         Potion            |       |       |       |     1 ||     1
   Stab: Distracted        |       |       |     1 |       ||     1
 Armour: Animal skin       |    42 |    77 |       |       ||   119
         Robe              |       |    22 |   102 |   128 ||   252
         Troll leather arm |       |       |       |    78 ||    78
         Skin              |       |       |       |     5 ||     5
  Dodge: Dodged            |    63 |   123 |   135 |   276 ||   597

Levels and vault maps discovered:
D:1:      minmay_arrival_radiant_lines, layout_basic
D:2:      layout_loops_ring, grunt_decor_resistance, minmay_lizard_pond
D:3:      layout_basic, ebering_ecumenical_altar_abandoned,
          gammafunk_ghost_split, minmay_randomly_rotated_circles
D:4:      layout_basic, lemuel_tele_altar, kennysheep_generic_room_2
D:5:      layout_rooms, serial_glass, glass_columns_a, glass_columns_a,
          item_on_display_a, item_on_display_a, minmay_strange_pillars,
          feat_on_display, gup_ossuary_entry_pyramid, corexii_checkpoint_b,
          kennysheep_cross_bottleneck
D:6:      layout_basic, minmay_temple_entry_overgrown,
          kennysheep_generic_room_13
D:7:      layout_basic, tso_altar, uniq_crazy_yiuf_cottage, uniq_joseph
D:8:      layout_basic, okawaru_gym_becter, erik_lair_dragon, uniq_psyche,
          uniq_maurice, uniq_pikel
D:9:      layout_gridville, nemelex_xobeh_ov_fountains_minmay,
          uniq_prince_ribbit1, uniq_maggie
D:10:     layout_loops_ring, david_orc_2, serial_shops,
          nicolae_shop_competitors_out_of_business
D:11:     layout_roguey
D:13:     layout_roguey, nicolae_transmutations_shop, minivault_20,
          uniq_josephine
D:14:     layout_cave_pools, skrybe_vaults_entry_preservation,
          minmay_fountain_box, portal_ice_cave_entry_horrid_things,
          serial_shops, nicolae_shop_behind_doors,
          nicolae_qazlal_general_emergency, uniq_agnes

Notes
Turn   | Place    | Note
-------+----------+-------------------------------------------
     0 | D:1      | ytrimaz the Troll Berserker began the quest for the Orb.
     0 | D:1      | Reached XP level 1. HP: 22/22 MP: 0/0
     0 | D:1      | magus.rc [v1.9.6]
   207 | D:1      | Reached XP level 2. HP: 29/29 MP: 1/1
   316 | D:1      | Reached skill level 1 in Armour
   680 | D:2      | Reached ** piety under Trog
   681 | D:2      | Reached XP level 3. HP: 36/36 MP: 2/2
   825 | D:2      | HP: 13/54 [gnoll/+0 halberd (5)]
   826 | D:2      | Reached skill level 3 in Fighting
  1019 | D:2      | Reached XP level 4. HP: 45/45 MP: 3/3
  1214 | D:3      | Found a faded altar of an unknown god.
  1294 | D:3      | Noticed OstrichLN's ghost (amateur MiFi)
  1538 | D:3      | Reached skill level 2 in Armour
  1559 | D:3      | Found a runed translucent gate.
  1559 | D:3      | Found a runed translucent gate.
  1560 | D:3      | Found a runed translucent gate.
  2161 | D:4      | Reached XP level 5. HP: 52/53 MP: 4/4
  2243 | D:4      | Reached *** piety under Trog
  2346 | D:4      | Identified the +0 robe "Wulesysiunn" {Str+2 Slay+2 SInv}
  2683 | D:4      | Reached skill level 4 in Unarmed Combat
  2758 | D:4      | Found a glowing silver altar of Zin.
  2878 | D:5      | Entered Level 5 of the Dungeon
  2911 | D:5      | Reached skill level 3 in Armour
  2911 | D:5      | Reached XP level 6. HP: 60/62 MP: 5/5
  2913 | D:5      | Reached skill level 4 in Fighting
  2921 | D:5      | Found a sand-covered staircase.
  2933 | Ossuary  | Entered an ossuary
  3250 | Ossuary  | Reached **** piety under Trog
  3287 | Ossuary  | Identified a scroll of acquirement
  3345 | D:5      | Reached XP level 7. HP: 71/71 MP: 6/6
  3358 | D:5      | Reached skill level 4 in Armour
  3407 | D:5      | Identified the ring of Surprise {rF+ Will+ Str-3 Dex+3}
  3437 | D:5      | Reached skill level 5 in Fighting
  4050 | D:6      | Reached skill level 5 in Unarmed Combat
  4050 | D:6      | Reached XP level 8. HP: 36/81 MP: 7/7
  4074 | D:6      | HP: 19/81 [gnoll/+0 flail[a gnoll sergeant] (7)]
  4076 | D:6      | Reached skill level 5 in Armour
  4318 | D:6      | Reached skill level 6 in Fighting
  4503 | D:6      | Found a staircase to the Ecumenical Temple.
  4784 | D:7      | Noticed Joseph
  4790 | D:7      | Reached skill level 6 in Armour
  4795 | D:7      | Reached skill level 6 in Unarmed Combat
  4803 | D:7      | Killed Joseph
  4804 | D:7      | Reached XP level 9. HP: 37/92 MP: 8/8
  4919 | D:7      | Identified the +2 robe "Cuelogokk" {rN+}
  4988 | D:7      | Reached skill level 7 in Fighting
  5140 | D:7      | Found a runed translucent door.
  5141 | D:7      | Noticed Crazy Yiuf
  5250 | D:7      | HP: 21/93 [killer bee (7)]
  5308 | D:7      | Found a glowing golden altar of the Shining One.
  5374 | D:7      | Reached skill level 7 in Armour
  5831 | D:8      | Noticed Pikel
  5855 | D:8      | Killed Pikel
  5856 | D:8      | Reached skill level 8 in Fighting
  5856 | D:8      | Reached skill level 7 in Unarmed Combat
  6053 | D:8      | Noticed Maurice
  6066 | D:8      | Found an iron altar of Okawaru.
  6066 | D:8      | Noticed Psyche
  6097 | D:8      | Killed Maurice
  6098 | D:8      | Reached XP level 10. HP: 98/104 MP: 9/9
  6099 | D:8      | Killed Psyche
  6127 | D:8      | Acquired 397 gold pieces
  6179 | D:8      | Noticed a two-headed ogre
  6187 | D:8      | Killed a two-headed ogre
  6188 | D:8      | Reached skill level 8 in Armour
  6351 | D:8      | Found a staircase to the Lair.
  6606 | D:9      | Reached skill level 9 in Fighting
  6623 | D:9      | Noticed Maggie
  6627 | D:9      | Killed Maggie
  6628 | D:9      | Reached skill level 8 in Unarmed Combat
  6731 | D:9      | Noticed a cyclops
  6742 | D:9      | Killed a cyclops
  6743 | D:9      | Reached skill level 9 in Armour
  6970 | D:9      | Noticed Prince Ribbit
  6987 | D:9      | Killed Prince Ribbit
  6988 | D:9      | Reached XP level 11. HP: 97/115 MP: 10/10
  7010 | D:9      | Found a sparkling altar of Nemelex Xobeh.
  7507 | D:10     | Entered Level 10 of the Dungeon
  7518 | D:10     | Found Raraig's Antique Weapon Shop.
  7909 | D:10     | Reached skill level 10 in Fighting
  8007 | D:10     | Found a staircase to the Orcish Mines.
  8039 | D:10     | Reached ***** piety under Trog
  8298 | D:11     | Noticed a two-headed ogre
  8306 | D:11     | Killed a two-headed ogre
  8310 | D:11     | Reached skill level 10 in Armour
  8310 | D:11     | Reached skill level 9 in Unarmed Combat
  8480 | D:11     | You fall into a shaft and drop 3 floors!
  8592 | D:13     | Noticed a centaur warrior
  8593 | D:13     | Noticed a boulder beetle
  8610 | D:13     | Killed a centaur warrior
  8611 | D:13     | HP: 29/117 [boulder beetle (8)]
  8612 | D:13     | HP: 14/117 [boulder beetle (18)]
  8616 | D:13     | Killed a boulder beetle
  8675 | D:13     | Found Tuisy's Changing Room.
  8682 | D:13     | Noticed a catoblepas
  8707 | D:13     | HP: 29/117 [efreet/+3 scimitar of flaming (21)]
  8713 | D:13     | Noticed Josephine
  8722 | D:13     | Killed Josephine
  8723 | D:13     | Reached skill level 11 in Armour
  8723 | D:13     | Reached XP level 12. HP: 54/126 MP: 11/11
  8770 | D:13     | Reached skill level 10 in Unarmed Combat
  8935 | D:13     | Killed a catoblepas
  9123 | D:13     | HP: 31/126 [slime creature (17)]
  9129 | D:13     | magus.rc [v1.9.6]
  9270 | D:13     | Noticed a tengu warrior
  9271 | D:13     | Noticed a tengu warrior
  9277 | D:13     | Killed a tengu warrior
  9285 | D:13     | Killed a tengu warrior
  9286 | D:13     | Reached skill level 12 in Armour
  9451 | D:14     | Found Ynu Ves's Antique Weapon Shoppe.
  9472 | D:14     | Found a stormy altar of Qazlal.
  9480 | D:14     | Noticed a two-headed ogre
  9489 | D:14     | Killed a two-headed ogre
  9574 | D:14     | Noticed a centaur warrior
  9580 | D:14     | Killed a centaur warrior
  9631 | D:14     | Noticed a two-headed ogre
  9647 | D:14     | Killed a two-headed ogre
  9648 | D:14     | Reached skill level 11 in Unarmed Combat
  9699 | D:14     | Found a gate to the Vaults.
  9699 | D:14     | Noticed an ironbound preserver
  9700 | D:14     | Noticed Agnes
  9708 | D:14     | HP: 39/189 [+2 spectral lajatang[Agnes] (23)]
  9709 | D:14     | HP: 18/189 [Agnes/+2 spectral lajatang (18)]
  9709 | D:14     | HP: 3/189 [+2 spectral lajatang[Agnes] (15)]
  9709 | D:14     | Slain by a fire elemental

Vanquished Creatures
  Josephine (D:13)
  A catoblepas (D:13)
  2 centaur warriors
  A boulder beetle (D:13)
  4 two-headed ogres
  2 tengu warriors (D:13)
  Pikel (D:8)
  An ugly thing (D:13)
  2 cyclopes
  A manticore (D:14)
  Maurice (D:8)
  Joseph (D:7)
  A gargoyle (D:13)
  3 kobold demonologists (D:10)
  Psyche (D:8)
  A yaktaur (shapeshifter) (D:13)
  3 trolls
  A raiju (shapeshifter) (D:13)
  Prince Ribbit (D:9)
  A blink frog (shapeshifter) (D:10)
  A jumping spider (shapeshifter) (D:14)
  5 slime creatures (D:13)
  2 wraiths (D:13)
  12 yaks
  A vampire (D:13)
  A shadow (D:11)
  3 wyverns (D:8)
  4 basilisks
  3 water moccasins
  2 acid dragons
  A sky beast (D:6)
  2 ice beasts
  3 orc warriors
  An ice beast (shapeshifter) (D:13)
  2 phantoms
  6 centaurs
  2 lemures (D:8)
  3 kobold brigands
  5 bullfrogs
  2 gnoll sergeants
  5 scorpions
  12 killer bees
  3 howler monkeys
  4 hounds
  5 orc priests
  A jelly (D:6)
  A gnoll bouda (D:10)
  5 iguanas
  13 orc wizards
  13 mummies
  14 gnolls
  4 adders
  2 white imps
  2 ufetubi
  39 orcs
  9 ball pythons
  9 endoplasms
  5 giant cockroaches
  10 goblins
  7 hobgoblins
  3 jackals (D:1)
  2 quokkas
  6 bats
  4 frilled lizards
  2 gnoll skeletons (Ossuary)
  2 goblin skeletons (Ossuary)
  15 kobolds
  3 kobold skeletons (Ossuary)
  An orc skeleton (Ossuary)
  3 rats
  11 rat skeletons (Ossuary)
306 creatures vanquished.

Vanquished Creatures (collateral kills)
  A shock serpent (shapeshifter) (D:13)
  A cyclops (D:13)
  An efreet (D:13)
  Maggie (D:9)
  3 yaks (D:9)
  4 wraiths (D:13)
  3 killer bees (D:9)
14 creatures vanquished.

Grand Total: 320 creatures vanquished

Table legend:
 A = Non-vault XP
 B = Vault XP
 C = Vault XP percentage of total XP
 D = Non-vault monster count
 E = Vault monster count
 F = Vault count percentage of total count
                 A         B        C        D         E       F
            +---------+---------+-------+---------+---------+-------
      Total |   23967 |    9212 |  27.8 |     243 |      75 |  23.6
            +---------+---------+-------+---------+---------+-------
        D:1 |      36 |       0 |   0.0 |      22 |       0 |   0.0
        D:2 |      59 |       2 |   3.3 |      13 |       2 |  13.3
        D:3 |      30 |       9 |  23.1 |      11 |       6 |  35.3
        D:4 |     224 |       3 |   1.3 |      30 |       1 |   3.2
        D:5 |     681 |      22 |   3.1 |      12 |       3 |  20.0
        D:6 |    1222 |       3 |   0.2 |      25 |       1 |   3.8
        D:7 |    1222 |     450 |  26.9 |      31 |       1 |   3.1
        D:8 |    1519 |    2332 |  60.6 |      11 |       8 |  42.1
        D:9 |    2877 |     644 |  18.3 |      24 |       2 |   7.7
       D:10 |    3936 |     154 |   3.8 |      30 |       8 |  21.1
       D:11 |    1441 |       0 |   0.0 |       7 |       0 |   0.0
       D:13 |    8135 |    3603 |  30.7 |      21 |       8 |  27.6
       D:14 |    2585 |    1752 |  40.4 |       6 |       4 |  40.0
    Ossuary |       0 |     238 | 100.0 |       0 |      31 | 100.0
            +---------+---------+-------+---------+---------+-------

Skill      XL: |  1  2  3  4  5  6  7  8  9 10 11 12 |
---------------+-------------------------------------+-----
Armour         | 1 2 3 4 6 7 9 11 12 | 12.5
Fighting       | 3 4 5 6 8 9 10 | 10.1
Unarmed Combat | 4 5 6 7 8 9 11 | 11.1
Dodging        | |  2.4

Action                     |  1- 3 |  4- 6 |  7- 9 | 10-12 || total
---------------------------+-------+-------+-------+-------++-------
  Melee: Unarmed           |    97 |   222 |   297 |   439 ||  1055
         Punch             |     1 |     6 |    11 |    29 ||    47
 Invoke: Berserk           |     1 |       |       |     4 ||     5
         Trog's Hand       |       |     1 |     4 |     8 ||    13
         Brothers in Arms  |       |       |       |     4 ||     4
    Use: Scroll            |       |    17 |     3 |     5 ||    25
         Potion            |       |       |       |     1 ||     1
   Stab: Distracted        |       |       |     1 |       ||     1
 Armour: Animal skin       |    42 |    77 |       |       ||   119
         Robe              |       |    22 |   102 |   128 ||   252
         Troll leather arm |       |       |       |    78 ||    78
         Skin              |       |       |       |     5 ||     5
  Dodge: Dodged            |    63 |   123 |   135 |   276 ||   597

Illustrated notes

Table legend:
 A = Kills in this place as a percentage of kills in the entire game.
 B = Kills by you in this place as a percentage of kills by you in the entire game.
 C = Kills by friends in this place as a percentage of kills by friends in the entire game.
 D = Other kills in this place as a percentage of other kills in the entire game.
 E = Experience gained in this place as a percentage of experience gained in the entire game.
 F = Experience gained in this place divided by the number of levels of this place that you have seen.
                   A       B       C       D       E      F
               +-------+-------+-------+-------+-------+----------------------
         Total | 100.0 | 100.0 | 100.0 |   N/A | 100.0 | 2369.9
       Dungeon |  90.3 |  89.8 | 100.0 |   N/A |  99.3 | 2533.9
       Ossuary |   9.7 |  10.2 |   0.0 |   N/A |   0.7 | 238.0
               +-------+-------+-------+-------+-------+----------------------

Table legend: (Time is in decaauts)
 A = Elapsed time spent in this place.
 B = Non-inter-level travel time spent in this place.
 C = Inter-level travel time spent in this place.
 D = Time resting spent in this place.
 E = Time spent auto-exploring this place.
 F = Levels seen in this place.
 G = Mean time per level.
                   A        B        C        D        E       F      G
               +--------+--------+--------+--------+--------+-----+--------+
         Total |   9638 |   9414 |    224 |    100 |   7079 |  14 |  688.4 |
       Dungeon |   9252 |   9028 |    224 |     85 |   6887 |  13 |  711.7 |
       Ossuary |    385 |    385 |      0 |     15 |    192 |   1 |  385.0 |
               +--------+--------+--------+--------+--------+-----+--------+

Top non-repeatable levels by time:
     D:4: 959 daAuts
    D:13: 955 daAuts
     D:9: 937 daAuts
     D:7: 924 daAuts
     D:8: 869 daAuts
     D:6: 830 daAuts
    D:10: 752 daAuts
     D:3: 693 daAuts
     D:5: 634 daAuts
     D:2: 624 daAuts
     D:1: 597 daAuts
 Ossuary: 385 daAuts
    D:14: 277 daAuts
    D:11: 196 daAuts
